[Event "Romanian Superliga 2024"]
[Site "Mamaia"]
[Date "2024.09.28"]
[Round "1.20"]
[White "Aryan Chopra"]
[Black "Ogleznev, Alexandr"]
[Result "1-0"]
[ECO "B48"]
[WhiteElo "2620"]
[BlackElo "2301"]
[Annotator "RC"]
[PlyCount "77"]
[EventDate "2024.09.26"]
[EventType "team-tourn"]
[EventCountry "ROU"]
[SourceTitle "playchess.com"]
[Source "ChessBase"]
[SourceQuality "1"]
[TimeControl "40/5400+30:1800+30"]

1. e4 c5 2. Nf3 e6 3. d4 cxd4 4. Nxd4 Nc6 5. Nc3 Qc7 6. Be3 a6 7. Qf3 Nf6 8. O-O-O Ne5 9. Qg3 b5 10. f4 Neg4 11. Bg1 h5 12. e5 b4 13. Na4 Ne4 14. Qe1 Bb7 15. h3 Nh6 16. Bd3 Nc5 17. Nxc5 Bxc5 18. Qe2 g6 19. Nf3 Nf5 20. Bxc5 Qxc5 21. Bxf5 gxf5 22. Rd6 Rc8 23. Rhd1 Rc7 24. Ng5 a5 25. R1d4 h4 26. Qd2 Bc6 27. Kb1 Ke7 28. Nf3 Bb5 29. Qd1 Rhc8 30. Rd2 Bc6 31. Nd4 Be4 32. Qh5 a4 33. Qxh4+ Ke8 34. g4 b3 35. gxf5 exf5 36. Qh8+ Ke7 37. Qf6+ Ke8 38. Rg2 bxc2+ 39. Kc1 1-0

[Event "Romanian Superliga 2024"]
[Site "Mamaia"]
[Date "2024.09.28"]
[Round "1.21"]
[White "Vavric, Pavel"]
[Black "Nanu, Costica-Ciprian"]
[Result "0-1"]
[ECO "B48"]
[WhiteElo "2285"]
[BlackElo "2525"]
[Annotator "RC"]
[PlyCount "68"]
[EventDate "2024.09.26"]
[EventType "team-tourn"]
[EventCountry "ROU"]
[SourceTitle "playchess.com"]
[Source "ChessBase"]
[SourceQuality "1"]
[TimeControl "40/5400+30:1800+30"]

1. e4 c5 2. Nf3 e6 3. d4 cxd4 4. Nxd4 Nc6 5. Nc3 Qc7 6. Be3 a6 7. Be2 Nf6 8. a3 d6 9. O-O Be7 10. f4 O-O 11. Kh1 Bd7 12. Qe1 Rac8 13. Qg3 Rfd8 14. Rae1 Be8 15. Bd3 b5 16. Qh3 h6 17. Nce2 Qb7 18. Ng3 b4 19. e5 Nd5 20. Nxc6 Bxc6 21. f5 Nxe3 22. Rxe3 Bg5 23. Re2 exf5 24. Qxf5 g6 25. Qg4 dxe5 26. Qxb4 Bf4 27. Ne4 Qa7 28. Qa5 Qd4 29. Qe1 Qxb2 30. Bxa6 Rc7 31. Bd3 Qxa3 32. Nf2 Rd4 33. Kg1 Qc5 34. Nh3 Rxd3+ 0-1

[Event "Romanian Superliga 2024"]
[Site "Mamaia"]
[Date "2024.09.28"]
[Round "1.22"]
[White "Ilinca, Felix-Antonio"]
[Black "Sachilaru, Alexandru"]
[Result "1/2-1/2"]
[ECO "E73"]
[WhiteElo "2417"]
[BlackElo "2265"]
[Annotator "ChessBase"]
[PlyCount "100"]
[EventDate "2024.09.26"]
[EventType "team-tourn"]
[EventCountry "ROU"]
[SourceTitle "playchess.com"]
[Source "ChessBase"]
[SourceQuality "1"]
[TimeControl "40/5400+30:1800+30"]

1. d4 Nf6 2. c4 g6 3. Nc3 Bg7 4. e4 d6 5. Be2 O-O 6. Be3 Nc6 7. d5 Ne5 8. f4 Neg4 9. Bd2 Nh6 10. Nf3 e6 11. dxe6 fxe6 12. Ng5 Nf7 13. h4 e5 14. c5 exf4 15. Qb3 d5 16. exd5 Nxg5 17. hxg5 Ng4 18. d6+ Kh8 19. Ne4 Bf5 20. Qh3 h5 21. gxh6 Be5 22. Bxg4 Bxe4 23. O-O-O cxd6 24. Rhe1 d5 25. Bf3 Qf6 26. Bxe4 dxe4 27. Rxe4 Bxb2+ 28. Kb1 Ba1 29. Bc1 Rad8 30. Rxd8 Rxd8 31. Rxf4 Qe5 32. Qf3 Qxc5 33. Ba3 Qe5 34. Re4 Qf6 35. Qxf6+ Bxf6 36. Re6 Bg5 37. Rxg6 Rd1+ 38. Kc2 Rd2+ 39. Kb3 Rxg2 40. Bf8 Rg3+ 41. Kc4 Bh4 42. Re6 Kh7 43. Bg7 Bg5 44. a4 Rg4+ 45. Kb3 Rg3+ 46. Ka2 Rg4 47. Kb3 Rg3+ 48. Ka2 Rg4 49. Kb3 Rg3+ 50. Ka2 Rg4 1/2-1/2

[Event "Romanian Superliga 2024"]
[Site "Mamaia"]
[Date "2024.09.28"]
[Round "1.23"]
[White "Patrascu, Catalin-Lucian"]
[Black "Magold, Filip"]
[Result "0-1"]
[ECO "B80"]
[WhiteElo "2298"]
[BlackElo "2406"]
[Annotator "ChessBase"]
[PlyCount "70"]
[EventDate "2024.09.26"]
[EventType "team-tourn"]
[EventCountry "ROU"]
[SourceTitle "playchess.com"]
[Source "ChessBase"]
[SourceQuality "1"]
[TimeControl "40/5400+30:1800+30"]

1. e4 c5 2. Nf3 d6 3. d4 cxd4 4. Nxd4 Nf6 5. Nc3 a6 6. Be3 e6 7. f3 b5 8. a3 h5 9. Qd2 Nbd7 10. Nb3 Bb7 11. Qf2 Rc8 12. Bd3 Be7 13. O-O h4 14. Rfe1 h3 15. g4 Ne5 16. Rad1 Nfd7 17. Bf4 g5 18. Bg3 Qc7 19. Be2 Nf8 20. Bxe5 dxe5 21. Rd2 Ng6 22. Red1 Bc6 23. Nc5 Ra8 24. b4 Nf4 25. Bf1 Kf8 26. Ne2 a5 27. Nxf4 gxf4 28. c4 axb4 29. cxb5 Bxb5 30. axb4 Bh4 31. Qxh4 Rxh4 32. Bxb5 Qb6 33. Bf1 Qxb4 34. Nd7+ Kg7 35. Kh1 Ra1 0-1

[Event "Romanian Superliga 2024"]
[Site "Mamaia"]
[Date "2024.09.28"]
[Round "1.24"]
[White "David, Alexandru-Vasile"]
[Black "Popescu, Daniel-Vasilica"]
[Result "1-0"]
[ECO "E49"]
[WhiteElo "2345"]
[BlackElo "1953"]
[Annotator "ChessBase"]
[PlyCount "79"]
[EventDate "2024.09.26"]
[EventType "team-tourn"]
[EventCountry "ROU"]
[SourceTitle "playchess.com"]
[Source "ChessBase"]
[SourceQuality "1"]
[TimeControl "40/5400+30:1800+30"]

1. d4 Nf6 2. c4 e6 3. Nc3 Bb4 4. e3 O-O 5. a3 Bxc3+ 6. bxc3 d5 7. cxd5 exd5 8. Bd3 Re8 9. Ne2 Nbd7 10. O-O Nf8 11. f3 c5 12. Ng3 Bd7 13. Qd2 Qa5 14. e4 cxd4 15. cxd4 Qxd2 16. Bxd2 dxe4 17. fxe4 Rac8 18. a4 Be6 19. e5 Nd5 20. Ne4 Re7 21. Nd6 Rd8 22. Be4 f6 23. Rac1 h6 24. Rc5 Nb6 25. a5 Na4 26. Rb5 fxe5 27. dxe5 a6 28. Rxb7 Rxb7 29. Bxb7 Nc5 30. Bf3 Ng6 31. Be3 Nd7 32. Bb6 Rb8 33. Bb7 Nxb6 34. axb6 a5 35. Ra1 Nxe5 36. Re1 Nd3 37. Rxe6 Nc5 38. Re7 Nxb7 39. Rxb7 Rd8 40. Nc4 1-0

[Event "Romanian Superliga 2024"]
[Site "Mamaia"]
[Date "2024.09.30"]
[Round "3.1"]
[White "Kozak, Adam"]
[Black "Hamitevici, Vladimir"]
[Result "1-0"]
[ECO "D10"]
[WhiteElo "2609"]
[BlackElo "2419"]
[Annotator "TA"]
[PlyCount "63"]
[EventDate "2024.09.26"]
[EventType "team-tourn"]
[EventCountry "ROU"]
[SourceTitle "playchess.com"]
[Source "ChessBase"]
[SourceQuality "1"]
[TimeControl "40/5400+30:1800+30"]

1. d4 d5 2. c4 c6 3. Nc3 Nf6 4. e3 Bf5 5. cxd5 cxd5 6. Qb3 Nc6 7. Qxb7 Bd7 {[%emt 0:00:06] White must now prevent ...Rb8.} 8. Qb3 Rb8 {[%emt 0:00:04] The position is equal.} 9. Qd1 e5 10. Nge2 Bd6 11. dxe5 Nxe5 12. Nf4 O-O 13. Be2 Bc6 14. O-O $1 (14. Nfxd5 $2 Nxd5 15. Nxd5 Bxd5 $19) 14... Nc4 15. Ncxd5 (15. Nfxd5 $6 Nxd5 16. Bxc4 Nxc3 17. bxc3 Bxh2+ 18. Kxh2 Qh4+ 19. Kg1 Qxc4 $14) (15. Qc2 {looks sharper.} Nb6 16. Nb5 Bxb5 17. Bxb5 Nc4 18. a4) 15... Nxb2 16. Bxb2 (16. Qd4 {seems wilder.} Nxd5 17. Bxb2 Qg5 18. Nxd5 Bxd5 19. g3) 16... Rxb2 17. Qc1 Nxd5 ({Black should try} 17... Be5 18. Qxc6 Nxd5) 18. Qxb2 $16 Bxf4 19. exf4 (19. Rfc1 $142 $1 Bg5 20. Rxc6) 19... Nxf4 {[%emt 0:01:17][%cal Od8g5] ...Qg5! would now be deadly.} 20. Rfd1 $1 Qh4 {[%emt 0:10:36] [#] Black cannot hold the game after this.} (20... Qg5 $11 21. g3 Qf5 22. gxf4 Qg6+ 23. Kf1 Qg2+ 24. Ke1 Qg1+ 25. Kd2 Qxf2) 21. g3 $1 $18 (21. Bf1 Nh3+ 22. Kh1 Nxf2+ (22... Qxf2 23. Qd4 $17) 23. Kg1 Nxd1 24. Rxd1 Qg5 $14) 21... Nxe2+ 22. Qxe2 Qf6 23. Re1 Bf3 24. Qe3 g5 (24... Qc6 $142 25. Rac1 (25. Qxa7 Bh1 $16) 25... Qb7) 25. Qxa7 Ba8 26. Qe3 Qc6 {[%emt 0:00:04] [#]} 27. f3 $1 ({And not} 27. Qxg5+ Kh8 28. Kf1 (28. Qe5+ f6 $17) (28. f3 $2 Qxf3 $19) 28... Qg2+ 29. Ke2 Re8+ 30. Kd2 Qxf2+ 31. Kd3 Qf3+ (31... Rxe1 32. Qd8+ Kg7 33. Rxe1 $11) 32. Re3 Be4+ 33. Kc3 Qf2 34. Rxe4 Rxe4 35. Qd8+ Kg7 36. Qg5+ Kf8 37. Qh6+ Ke7 38. Qg5+ Ke6 39. Qh6+ f6 (39... Ke7 40. Qg5+ Ke6 41. Qh6+ f6 42. Qh3+ Ke5 43. Qh5+ f5 44. Qe8+ Kf6 45. Qd8+ Kg6 46. Qd6+ Kh5 47. g4+ Rxg4 48. Qd5 $17) 40. Qh3+ (40. Qxh7 Qd4+ 41. Kb3 Re3+) 40... Ke5 41. Qh5+ (41. Qxh7 Qd4+ 42. Kb3 Re3+) 41... f5 42. Qe8+ Kf6 43. Qf8+ Kg6 44. Qd6+ Kh5 45. Qd1+ Re2 $11) 27... Qxf3 $2 (27... h6 {is a better defense.} 28. h3 Qf6) 28. Qxf3 {[%emt 0:00:21] White is clearly winning.} (28. Qxg5+ $2 {too greedy.} Kh8 $19) 28... Bxf3 29. Re3 g4 30. Rae1 Bd5 31. a4 Be6 32. a5 {[%emt 0:00:52] Weighted Error Value: White=0.06 (flawless) /Black=0.35.  Loses game:     	---       	Black=1      Mistake:       	White=1     	Black=3      Inaccurate:     	---       	Black=2      OK:         	White=11    	Black=6      Best:        	White=3     	Black=1      Strong:       	White=3     	---} 1-0

[Event "Romanian Superliga 2024"]
[Site "Mamaia"]
[Date "2024.09.30"]
[Round "3.2"]
[White "Raceanu, Valentin"]
[Black "Tarlev, Konstantin"]
[Result "1/2-1/2"]
[ECO "E49"]
[WhiteElo "2427"]
[BlackElo "2579"]
[Annotator "TA"]
[PlyCount "82"]
[EventDate "2024.09.26"]
[EventType "team-tourn"]
[EventCountry "ROU"]
[SourceTitle "playchess.com"]
[Source "ChessBase"]
[SourceQuality "1"]
[TimeControl "40/5400+30:1800+30"]

1. d4 Nf6 2. c4 e6 3. Nc3 Bb4 4. e3 O-O 5. Bd3 d5 6. Nge2 dxc4 7. Bxc4 c5 8. O-O Nc6 9. a3 Bxc3 10. bxc3 Qc7 11. Bd3 e5 12. Qc2 Be6 13. Rb1 Rac8 (13... Rfd8 $5) 14. Bb2 (14. Ng3 $5) 14... Qd7 {[%emt 0:09:06] Threatens to win with ...c4.} 15. Rbd1 {[%emt 0:07:42] Black must now prevent dxe5.} cxd4 {[%emt 0:14:50] Black wants to play ...Na5.} 16. cxd4 {[%emt 0:02:41] [#]} (16. Ng3 $11) 16... Nxd4 17. Qb1 $132 {[%emt 0:02:44][%mdl 2048] Strongly threatening Ng3. White is not keeping still} Nxe2+ 18. Bxe2 {[%emt 0:00:03] This pair of bishops is nice.} Qc7 19. Qa1 Nd7 20. Rc1 Qb8 21. Bb5 {[%emt 0:00:15] aiming for Bxd7.} f6 22. Bxd7 Bxd7 23. Qa2+ Kh8 24. Rxc8 Qxc8 25. Qb3 Be6 26. Qa4 a6 27. f4 exf4 28. Rxf4 Bd5 29. e4 Bc6 30. Qc4 h6 31. e5 fxe5 (31... f5 {keeps more tension.} 32. e6 Re8 33. Rxf5 Qxe6 34. Rf8+ Kh7) 32. Bxe5 Rxf4 33. Qxf4 $15 {[%emt 0:00:06][%mdl 4096] Endgame. KQB-KQB} Kh7 34. Qd4 Qf5 35. h3 Qg5 36. Qd3+ Kg8 (36... Kh8 {simplifies} 37. Qg3 Qxg3 38. Bxg3 Kg8) 37. Qb3+ Kh8 38. Qg3 Qe7 39. Qe3 Kg8 40. Qb3+ Kh8 41. Qe3 Kg8 {[%emt 0:07:04] Weighted Error Value: White=0.11 (very precise) /Black=0.11 (very precise) .  Mistake:       	White=1     	Black=1      Inaccurate:     	White=5     	Black=3      OK:         	White=9     	Black=13     Best:        	White=1     	---} 1/2-1/2

[Event "Romanian Superliga 2024"]
[Site "Mamaia"]
[Date "2024.09.30"]
[Round "3.3"]
[White "Serban, Cristian-Stefan"]
[Black "Filip, Andrei"]
[Result "1-0"]
[ECO "E68"]
[WhiteElo "2269"]
[BlackElo "2278"]
[Annotator "RC"]
[PlyCount "119"]
[EventDate "2024.09.26"]
[EventType "team-tourn"]
[EventCountry "ROU"]
[SourceTitle "playchess.com"]
[Source "ChessBase"]
[SourceQuality "1"]
[TimeControl "40/5400+30:1800+30"]

1. c4 Nf6 2. g3 g6 3. Bg2 Bg7 4. Nc3 d6 5. d4 O-O 6. h3 Nbd7 7. Nf3 e5 8. e4 exd4 9. Nxd4 Re8 10. O-O a6 11. Re1 Rb8 12. b3 Nf8 13. Be3 c5 14. Nde2 b5 15. Qd3 b4 16. Na4 Bd7 17. Rad1 Bxa4 18. bxa4 Qa5 19. Qc2 N6d7 20. Rf1 Nb6 21. Rxd6 Nxa4 22. f4 Nc3 23. Rd2 Nxe2+ 24. Rxe2 Bc3 25. e5 Ne6 26. Bd5 Nc7 27. Be4 Qb6 28. h4 Rbd8 29. h5 Qe6 30. hxg6 hxg6 31. f5 Qxe5 32. Bf4 Qd4+ 33. Kh1 Qd7 34. Bxc7 Qxc7 35. fxg6 f6 36. Rh2 Qe5 37. Rh8+ Kg7 38. Rh7+ Kg8 39. Rh8+ Kg7 40. Rh7+ Kg8 41. Bd5+ Rxd5 42. cxd5 Qxd5+ 43. Kh2 Bd2 44. Qd1 Re5 45. Qg4 Qe6 46. Qxe6+ Rxe6 47. Rf5 Be3 48. Rd5 Re8 49. Rc7 Bd4 50. Rdd7 f5 51. Rf7 a5 52. Rxf5 a4 53. g7 b3 54. axb3 axb3 55. Rh5 Bxg7 56. Rg5 b2 57. Rgxg7+ Kh8 58. Rh7+ Kg8 59. Rcg7+ Kf8 60. Rb7 1-0

[Event "Romanian Superliga 2024"]
[Site "Mamaia"]
[Date "2024.09.30"]
[Round "3.4"]
[White "Cosma, Ioan"]
[Black "Tampea, Radu"]
[Result "0-1"]
[ECO "D30"]
[WhiteElo "2295"]
[BlackElo "2226"]
[Annotator "RC"]
[PlyCount "136"]
[EventDate "2024.09.26"]
[EventType "team-tourn"]
[EventCountry "ROU"]
[SourceTitle "playchess.com"]
[Source "ChessBase"]
[SourceQuality "1"]
[TimeControl "40/5400+30:1800+30"]

1. d4 d5 2. c4 e6 3. Nf3 a6 4. Nbd2 dxc4 5. Nxc4 b5 6. Nce5 Bb7 7. g3 Nd7 8. Nxd7 Bb4+ 9. Bd2 Bxd2+ 10. Qxd2 Bxf3 11. exf3 Qxd7 12. a4 Rb8 13. axb5 axb5 14. Qg5 f5 15. Bg2 Nf6 16. O-O O-O 17. Qe3 Rfd8 18. f4 Rb6 19. Qe5 Qxd4 20. Qxc7 Rbd6 21. b3 b4 22. Bf3 Nd5 23. Bxd5 Qxd5 24. Qc2 Rc6 25. Qb2 Rc3 26. Rab1 h5 27. Qe2 Rxb3 28. Rbd1 Rd3 29. Rxd3 Qxd3 30. Qxe6+ Kh7 31. Qe3 Qxe3 32. fxe3 Rb8 33. Rb1 Kg6 34. Kf2 Kf6 35. Ke2 Ke6 36. Kd3 Kd5 37. Kc2 Ke4 38. Rd1 b3+ 39. Kb2 Rb6 40. Rd7 g6 41. Re7+ Kf3 42. Re5 Kg2 43. e4 fxe4 44. Rxe4 Kxh2 45. Re3 Kh3 46. Rd3 Kg4 47. Rc3 h4 48. gxh4 Kxh4 49. Rc1 Kg4 50. Rf1 Kf5 51. Rf2 Rb4 52. Rf3 Rxf4 53. Rxb3 Rc4 54. Rf3+ Kg4 55. Rf1 g5 56. Rg1+ Kf5 57. Kb3 Rc8 58. Rf1+ Ke4 59. Rg1 Rg8 60. Kc2 g4 61. Kd2 Kf3 62. Ke1 Re8+ 63. Kd2 g3 64. Rf1+ Kg2 65. Rf7 Kg1 66. Rf6 g2 67. Rf7 Re4 68. Kd3 Rh4 0-1

[Event "Romanian Superliga 2024"]
[Site "Mamaia"]
[Date "2024.09.30"]
[Round "3.5"]
[White "Padurariu, Mihai-Edward"]
[Black "Itkis, Boris"]
[Result "0-1"]
[ECO "C28"]
[WhiteElo "2233"]
[BlackElo "2279"]
[Annotator "RC"]
[PlyCount "90"]
[EventDate "2024.09.26"]
[EventType "team-tourn"]
[EventCountry "ROU"]
[SourceTitle "playchess.com"]
[Source "ChessBase"]
[SourceQuality "1"]
[TimeControl "40/5400+30:1800+30"]

1. e4 e5 2. Bc4 Nf6 3. d3 Nc6 4. Nc3 Bb4 5. Nge2 d5 6. exd5 Nxd5 7. O-O Be6 8. Bxd5 Bxd5 9. f4 f6 10. fxe5 Nxe5 11. d4 Ng6 12. Nxd5 Qxd5 13. a3 Be7 14. Qd3 Rd8 15. b3 O-O 16. c4 Qd7 17. Bb2 c6 18. Qf3 Bd6 19. Rae1 Rfe8 20. Nc3 Re7 21. Ne4 Rde8 22. Nxd6 Qxd6 23. Rxe7 Rxe7 24. g3 Nf8 25. Rd1 Ne6 26. h4 Nc7 27. Bc1 Rd7 28. Kg2 Qe7 29. Bb2 Qe6 30. Rd2 Qd6 31. Re2 Re7 32. Rxe7 Qxe7 33. Kf2 Ne8 34. Qf4 Nd6 35. Kf3 h5 36. Bc3 Qd7 37. Kg2 Qe6 38. Kf3 b5 39. Bb4 bxc4 40. bxc4 Nxc4 41. Qe4 Kf7 42. Qd3 Qd5+ 43. Kf2 Ne5 44. Qc3 Ng4+ 45. Kg1 Qe4 0-1

[Event "Romanian Superliga 2024"]
[Site "Mamaia"]
[Date "2024.09.30"]
[Round "3.6"]
[White "Negrean, Andrei"]
[Black "Radu, David Cr."]
[Result "0-1"]
[ECO "D30"]
[WhiteElo "2267"]
[BlackElo "2159"]
[Annotator "RC"]
[PlyCount "84"]
[EventDate "2024.09.26"]
[EventType "team-tourn"]
[EventCountry "ROU"]
[SourceTitle "playchess.com"]
[Source "ChessBase"]
[SourceQuality "1"]
[TimeControl "40/5400+30:1800+30"]

1. d4 d5 2. c4 e6 3. Nf3 a6 4. Nbd2 dxc4 5. Nxc4 b5 6. Nce5 Bb7 7. a4 Nd7 8. e3 c6 9. Be2 Bd6 10. O-O Ngf6 11. Nxd7 Qxd7 12. Qc2 Rc8 13. e4 c5 14. d5 Bb8 15. axb5 axb5 16. Bg5 exd5 17. Bxf6 gxf6 18. exd5 O-O 19. Rfd1 c4 20. Rd4 Rfe8 21. Rh4 f5 22. Rd1 Rc5 23. Bf1 Rxd5 24. Rxd5 Qxd5 25. Rh5 Re4 26. Rg5+ Kf8 27. Qc3 Be5 28. Nxe5 Rxe5 29. Qh3 Re1 30. Qc3 Qe5 31. Qd2 Bd5 32. Rg3 f4 33. Ra3 Qe4 34. Qb4+ Kg7 35. Qc3+ f6 36. Ra7+ Kg6 37. Qh3 h5 38. Rc7 Qe2 39. g3 Qf3 40. Rg7+ Kxg7 41. Qd7+ Kh6 42. Qxd5 Qxd5 0-1

[Event "Romanian Superliga 2024"]
[Site "Mamaia"]
[Date "2024.09.30"]
[Round "3.7"]
[White "Theodorou, Nikolas"]
[Black "Pranav Vijay"]
[Result "1/2-1/2"]
[ECO "E07"]
[WhiteElo "2619"]
[BlackElo "2252"]
[Annotator "TA"]
[PlyCount "115"]
[EventDate "2024.09.26"]
[EventType "team-tourn"]
[EventCountry "ROU"]
[SourceTitle "playchess.com"]
[Source "ChessBase"]
[SourceQuality "1"]
[TimeControl "40/5400+30:1800+30"]

1. d4 Nf6 2. c4 e6 3. Nf3 d5 4. Nc3 Nbd7 5. g3 Be7 6. Bg2 O-O 7. Ne5 {[%emt 0:00:04] 7.Qd3 zet een nieuwe trend.} c6 8. O-O Nxe5 $1 {[%emt 0:05:00] E07: Gesloten Catalaans: Hoofdvariant (5 Pf3 0-0 6 0-0 Pbd7).} 9. dxe5 Nd7 {[%emt 0:00:18] OK} 10. cxd5 {[%emt 0:00:06] OK} cxd5 11. e4 {[%emt 0:00:11] OK} dxe4 {[%emt 0:02:11] OK} 12. Qh5 {[%emt 0:00:25] OK} Qa5 {[%emt 0:04:22] OK} 13. Nxe4 {[%emt 0:23:58] Beste (Gemakkelijk)} Qxe5 {[%emt 0:05:29] OK} 14. Qe2 {[%emt 0:02:27] OK} Nf6 15. Bf4 {[%emt 0:02:26] Beste} Qa5 {[%emt 0:00:26] OK} 16. Nxf6+ $146 ({Predecessor:} 16. Rfd1 e5 17. Bd2 Qb6 18. Be3 Qe6 19. Rac1 Bd7 20. Nxf6+ Bxf6 21. Bxb7 Rab8 22. Rc7 {1-0 Van Foreest,J (2714)-Haria,R (2499) Bundesliga 2122 2022 (11.3)}) 16... Bxf6 17. Rfd1 {[%emt 0:00:05][%cal Bf1d1,Bd1c1,Bc1c7][%mdl 32] Voorkomt Bd4. EV=10.42. OK} Re8 {[%emt 0:22:14] Beste} 18. a4 {[%emt 0:08:52] OK} e5 {[%emt 0:06:31][%cal Oe5e4] OK} 19. Bd2 Qc7 {[%emt 0:09:57][%cal Oe5e4] Onnauwkeurig} 20. Qb5 Bg4 {[%emt 0:05:43][%cal Bc8g4,Bg4f3,Bf3h1][%mdl 32] EV=10.26. Goes to f3 (dbg)). OK} 21. Ba5 {[%emt 0:07:24] [#] Onnauwkeurig} b6 {[%emt 0:08:13] Maintains equality. Fout (0.9)} 22. Rdc1 $1 $16 {[%emt 0:00:47] Sterk} ({Speel niet} 22. Bxa8 Rxa8 23. Rdc1 Qb7 $11) 22... Qd8 23. Bxa8 {[%emt 0:00:32] Beste (Gemakkelijk)} Qxa8 24. Be1 {[%emt 0:00:03] OK} Bf3 {[%emt 0:02:46] Onnauwkeurig} 25. Rc7 {[%emt 0:01:28][%cal Oc7a7] Hoopt vervolgens op Rxa7! OK} Rd8 {[%emt 0:02:27] Beste} {Optimal for White is} 26. h4 {[%emt 0:03:49] Fout (0.8)} (26. Bb4 $16) 26... h5 {[%emt 0:03:30] Keeps the game even. Fout (0.9)} (26... h6 $1 $11) 27. Rac1 {[%emt 0:01:57] OK} Bh1 28. Qf1 {[%emt 0:00:10][%cal Oe1d2] Afleidend Qg2+. Actief tegenspel! OK} Bf3 {[%emt 0:01:06] OK} {Better for White is} 29. Qc4 {[%emt 0:04:19] Fout (0.6)} (29. Kh2 $16) 29... Bd5 $14 {[%emt 0:00:07] Beste (Gemakkelijk)} 30. Qa6 Bh1 {[%emt 0:00:16] Beste (Gemakkelijk)} 31. Qf1 {[%emt 0:00:03] Stopt Qg2+. OK} Bf3 {[%emt 0:00:23] OK} 32. Bc3 {Black should consider} a5 {[%emt 0:02:16] Fout (0.6)} (32... Qe4 $11) {White should consider} 33. Kh2 {[%emt 0:02:07] Fout (0.7)} (33. Qc4 $14) 33... Qb8 {[%emt 0:00:41] [#] is preferable. Fout (0.5)} (33... Qe4 $11) 34. Bd2 $1 {[%emt 0:00:11] Onnauwkeurig} Rxd2 {[%emt 0:01:40] Beste (Gemakkelijk)} 35. Rc8+ {[%emt 0:00:08] Beste (Gemakkelijk)} Qxc8 $1 {[%emt 0:00:05] Sterk} 36. Rxc8+ Kh7 {[%emt 0:00:03][%cal Od2d1] ...Rd1! is de sterke dreiging. Beste (Gemakkelijk)} 37. Qb1+ {[%emt 0:04:36] OK} e4 {[%emt 0:01:43] OK} 38. Rc2 {[%emt 0:00:02] Beste (Gemakkelijk)} Rd3 {[%emt 0:00:15] OK} (38... Rd1 $5 39. Rc1 $8 Rd2 $11) 39. Rc1 {[%emt 0:02:51] OK} Rd2 {[%emt 0:01:05][%csl LRb2,LRf2] OK} 40. Rc2 {[%emt 0:00:00] Beste (Gemakkelijk)} Rd3 (40... Rd1 $5 41. Rc1 $8 Rd2 42. Rc2 $11) 41. Rc1 {[%emt 0:02:01] OK} Bd4 42. Qc2 {[%emt 0:01:39] OK} Bc5 {[%emt 0:00:23] Een sterk loperpaar. OK} 43. Qc4 Rd2 {[%emt 0:06:49] OK} 44. Rc2 {[%emt 0:02:51] Beste (Gemakkelijk)} Rd1 {[%emt 0:01:02][%csl Gf3][%cal Rd1h1] OK} 45. Rc1 $1 {[%emt 0:00:03] En nu zou Rxd1 winnen. Sterk} Rxc1 (45... Rd2 $5 46. Rc2 $8 Rd4 $11 (46... Rd1 47. Rc1 $11)) 46. Qxc1 {[%emt 0:00:11] met als doel voor Kg1.} Bxf2 {[%emt 0:00:03] OK} 47. Qf4 f6 {[%emt 0:03:27] OK} 48. Qf5+ {[%emt 0:02:05] OK} Kg8 {[%emt 0:00:33] OK} 49. Qd5+ {[%emt 0:04:03] OK} Kf8 50. Qb7 Bc5 51. b4 Bxb4 $2 {[%emt 0:00:20] and Black is secure. Verliest partij (1.6)} (51... axb4 $11 52. a5 b3) 52. Qxb6 Kf7 {[%emt 0:00:07] Onnauwkeurig} 53. Kg1 {[%emt 0:00:29] OK} Kg6 54. Qc6 Be1 {[%emt 0:01:09] OK} 55. Qe8+ {[%emt 0:01:28] OK} Kh7 {[%emt 0:00:10] [#]} {Wit's turn} 56. g4 {[%emt 0:00:31] Gemiste overwinning (2.4)} hxg4 $11 {[%emt 0:01:40] Beste (Gemakkelijk)} 57. Qh5+ {[%emt 0:01:33] OK} Kg8 58. Qe8+ {[%emt 0:00:05] Blunder waarde: Wit=0.17 (erg precies) /Zwart=0.16 (erg precies) . Onnauwkeurig.  Verliest partij:   	---       	Zwart=1      Gemiste overwinning: 	Wit=1      	---        Fout:        	Wit=3      	Zwart=4      Onnauwkeurig:    	Wit=3      	Zwart=3      OK:         	Wit=20     	Zwart=19     Beste:        	Wit=7      	Zwart=7      Sterk:        	Wit=2      	Zwart=1} 1/2-1/2